 Dungeon Crawl Stone Soup version 0.29.0-11-gd7f09526c8 (webtiles) character file.

Game seed: 12722378770484100300

221148 Anamonty the Alchemist (level 19, -3/135 HPs)
             Began as an Octopode Transmuter on Sept 3, 2022.
             Was the Champion of Qazlal.
             Slain by a 27-headed hydra zombie (12 damage)
             ... on level 4 of the Swamp.
             The game lasted 01:31:40 (33400 turns).

Anamonty the Alchemist (Octopode Transmuter)       Turns: 33400, Time: 01:31:42

Health: -3/135     AC: 15    Str: 22    XL:     19   Next: 19%
Magic:  43/43      EV: 34    Int: 24    God:    Qazlal [******]
Gold:   4471       SH:  8    Dex: 17    Spells: 16/41 levels left

rFire   . . .      SeeInvis .     - Unarmed
rCold   + . .      Faith    .   (shield currently unavailable)
rNeg    + . .      Spirit   .   (helmet currently unavailable)
rPois   ∞          Reflect  .   l - amulet of regeneration
rElec   +          Harm     .   b - ring of magical power
rCorr   .          Rampage  .   q - +4 ring of evasion
Will    ++...                   x - ring of willpower
Stlth   ..........              c - +4 ring of evasion
HPRegen 1.12/turn               S - ring "Ceamoddu" {rN+ Int+6 Dex+4 Stlth-}
MPRegen 0.28/turn               Y - +4 ring of slaying
                                Z - +4 ring of slaying
                                U - ring "Kolo Hied" {rC+ Str+6 Int+2}

@: storm-form, protected from physical damage, corroded, blinkbolt cooldown,
flying, repel missiles
A: cleaving, insubstantial, flying, almost no armour, amphibious, 8 rings,
(camouflage 1), (gelatinous body 1), (nimble swimmer 1), (tentacles)
}: 1/15 runes: serpentine
a: Blinkbolt, End Transformation, Renounce Religion, Upheaval, Elemental Force,
Disaster Area


You were on level 4 of the Swamp.
You worshipped Qazlal.
Qazlal was exalted by your worship.
You were a lightning-filled tempest!
You visited 6 branches of the dungeon, and saw 31 of its levels.
You also visited: Bailey, Gauntlet and Ice Cave.

You collected 4875 gold pieces.
You spent 404 gold pieces at shops.

Inventory:

Hand Weapons
 D - the +10 short sword "Jukejeu" {vorpal, rF++}
   (You found it in an ice cave)

   It inflicts extra damage upon your enemies.
   rF:        It greatly protects you from fire.
 J - a +8 shortbow of flaming (melded)
Missiles
 V - 6 silver javelins
Armour
 R - a +2 hat of willpower (melded)
Jewellery
 b - a ring of magical power (left tentacle)
 c - a +4 ring of evasion (on tentacle)
 j - an amulet of guardian spirit
 l - an amulet of regeneration (around neck)
 q - a +4 ring of evasion (right tentacle)
 x - a ring of willpower (on tentacle)
 F - a ring of see invisible
 S - the ring "Ceamoddu" (on tentacle) {rN+ Int+6 Dex+4 Stlth-}
   (You found it in a Gauntlet)

   [ring of intelligence]

   Int:       It affects your intelligence (+6).
   Dex:       It affects your dexterity (+4).
   rN:        It protects you from negative energy.
   Stlth:     It makes you less stealthy.
 U - the ring "Kolo Hied" (on tentacle) {rC+ Str+6 Int+2}
   (You acquired it on level 12 of the Dungeon)

   [ring of strength]

   Str:       It affects your strength (+6).
   Int:       It affects your intelligence (+2).
   rC:        It protects you from cold.
 Y - a +4 ring of slaying (on tentacle)
 Z - a +4 ring of slaying (on tentacle)
Wands
 n - a wand of quicksilver (11)
 o - a wand of mindburst (6)
 t - a wand of flame (94)
 E - a wand of charming (22) (quivered)
 O - a wand of digging (7)
 W - a wand of iceblast (28)
Scrolls
 g - 20 scrolls of teleportation
 i - 2 scrolls of fear
 k - 5 scrolls of blinking
 m - 5 scrolls of noise
 r - 4 scrolls of poison
 y - 4 scrolls of vulnerability
 A - 4 scrolls of immolation
 B - 8 scrolls of identify
 G - a scroll of butterflies
 H - 4 scrolls of magic mapping
 I - 3 scrolls of summoning
 L - 3 scrolls of silence
 N - 3 scrolls of amnesia
Potions
 a - 8 potions of lignification
 d - 13 potions of curing
 e - 3 potions of might
 f - 2 potions of cancellation
 h - 3 potions of attraction
 p - 10 potions of heal wounds
 s - 4 potions of flight
 u - 8 potions of brilliance
 v - 8 potions of ambrosia
 w - 8 potions of mutation
 z - 9 potions of haste
 M - 2 potions of magic
 P - 2 potions of resistance
 Q - 3 potions of berserk rage
 T - 2 potions of invisibility
Miscellaneous
 C - a box of beasts
 K - a condenser vane (inert)
 X - a tin of tremorstones (2/2)


   Skills:
 * Level 13.4 Fighting
 + Level 12.8 Dodging
 + Level 13.1 Unarmed Combat
 + Level 11.9 Spellcasting
 + Level 5.3 Translocations
 * Level 16.2 Transmutations
 + Level 10.2 Air Magic
 + Level 12.4 Invocations
 + Level 8.8 Evocations


You had 16 spell levels left.
You knew the following spells:

 Your Spells              Type           Power      Damage    Failure   Level
a - Beastly Appendage     Tmut           100%       N/A       0%          1
b - Wereblood             Tmut           75%        N/A       0%          2
c - Spider Form           Tmut/Pois      52%        N/A       1%          3
d - Ice Form              Ice/Tmut       52%        N/A       1%          4
e - Swiftness             Air            59%        N/A       1%          3
f - Storm Form            Tmut/Air       33%        N/A       16%         7
g - Yara's Violent Unrav  Hex/Tmut       26%        3d11      4%          5

Your spell library contained the following spells:

 Spells                   Type           Power      Damage    Failure   Level
 Apportation              Tloc           80%        N/A       1%          1
 Passwall                 Tmut/Erth      43%        N/A       1%          2
 Poisonous Vapours        Pois/Air       76%        N/A       1%          2
 Gell's Gravitas          Tloc           40%        N/A       1%          3
 Ignite Poison            Fire/Tmut/Pois 40%        N/A       1%          3
 Lesser Beckoning         Tloc           40%        N/A       1%          3
 Teleport Other           Tloc           40%        N/A       1%          3
 Mephitic Cloud           Conj/Pois/Air  30%        N/A       3%          3
 Necrotise                Necr           56%        1d6       4%          1
 Summon Small Mammal      Summ           56%        N/A       4%          1
 Portal Projectile        Hex/Tloc       54%        N/A       4%          3
 Ensorcelled Hibernation  Hex/Ice        28%        N/A       7%          2
 Call Canine Familiar     Summ           14%        N/A       13%         3
 Confusing Touch          Hex            14%        N/A       13%         3
 Frozen Ramparts          Ice            28%        1d5       13%         3
 Freezing Cloud           Conj/Ice/Air   15%        6-21      30%         5
 Summon Forest            Summ/Tloc      13%        N/A       36%         5
 Anguish                  Hex/Necr       7%         N/A       41%         4
 Leda's Liquefaction      Hex/Erth       7%         N/A       41%         4
 Summon Ice Beast         Ice/Summ       14%        N/A       41%         4
 Summon Mana Viper        Hex/Summ       14%        N/A       77%         5
 Summon Cactus Giant      Summ           7%         N/A       100%        6
 Enfeeble                 Hex            7%         N/A       100%        7
 Chain Lightning          Conj/Air       19%        3d25      100%        9


Dungeon Overview and Level Annotations

Branches:
Dungeon (15/15)            Temple (1/1) D:6            Lair (5/5) D:10
  Swamp (4/4) Lair:2        Snake (4/4) Lair:2        Slime (0/5) Lair:5
    Orc (2/2) D:10            Elf (0/3) Orc:2        Vaults (0/5) D:13
 Depths (0/4) D:15         Bailey (visited)           IceCv (visited)
Gauntlet (visited)

Altars:
Ashenzari
Cheibriados
Dithmenos
Elyvilon
Fedhas
Gozag
Hepliaklqana
Kikubaaqudgha
Makhleb
Nemelex Xobeh
Okawaru
Qazlal
Ru
Sif Muna
Trog
Uskayaw
Vehumet
Wu Jian
Xom
Yredelemnul
Zin
The Shining One
Jiyva

Shops:
D:3 (   D:5 !   D:8 *   Orc:2 **([:

Portals:
Trove: D:13 (give 3 potions of resistance)

Annotations:
D:5 2 transporters, Menkaure
D:13 3 runed translucent doors, Matofues's ghost, journeyman VSTm
Lair:4 1 runed translucent door, Kyusiynim's ghost, journeyman GnEn
Swamp:4 exclusion: 2 oklob plants
Snake:4 3 runed translucent doors, alby's ghost, adept GnWn
Orc:2 2 transporters, jurb's ghost, journeyman DEEE


Innate Abilities, Weirdness & Mutations

You are a lightning-filled tempest!
Your electrical attacks strike out in all directions at once.
You are incredibly evasive.
Your insubstantial body is immune to petrification, constriction, and being set on fire You are flying.
You are immune to poison.
Your armour is entirely melded.
You are incapable of wielding weapons or throwing items.
You cannot wear most types of armour.
You are amphibious.
You can wear up to eight rings at the same time.
((Your skin changes colour to match your surroundings (Stealth+).))
((Your rubbery body absorbs attacks. (AC +1, EV +1)))
((You are camouflaged when in or above water. (Stealth+)))
((You have tentacles for arms and can constrict up to eight enemies at once.))


Message History

Qazlal accepts your kill.
A nearby plant withers and dies.
The oklob plant is struck by lightning.
The oklob plant spits acid at you.
The splash of acid is repelled.
Unknown command.
The oklob plant spits acid at you. The splash of acid hits you.
The acid corrodes you!
Unknown command.
The 27-headed hydra zombie is engulfed in acidic fog.
The 27-headed hydra zombie bites you! The 27-headed hydra zombie bites you.
You feel more protected from physical attacks.
The 27-headed hydra zombie bites you.
The 27-headed hydra zombie closely misses you.
The 27-headed hydra zombie completely misses you.
The 27-headed hydra zombie closely misses you.
The 27-headed hydra zombie barely misses you.
The 27-headed hydra zombie bites you!
The 27-headed hydra zombie completely misses you.
The 27-headed hydra zombie closely misses you.
The 27-headed hydra zombie bites you!
You feel more protected from physical attacks.
The 27-headed hydra zombie misses you.
You block the 27-headed hydra zombie's attack.
The 27-headed hydra zombie bites you!
* * * LOW HITPOINT WARNING * * *
The 27-headed hydra zombie bites you.
* * * LOW HITPOINT WARNING * * *
The 27-headed hydra zombie bites you!
* * * LOW HITPOINT WARNING * * *
The 27-headed hydra zombie bites you!
* * * LOW HITPOINT WARNING * * *
You block the 27-headed hydra zombie's attack.
The 27-headed hydra zombie completely misses you.
The 27-headed hydra zombie bites you but does no damage.
The 27-headed hydra zombie bites you.
* * * LOW HITPOINT WARNING * * *
You feel more protected from physical attacks.
The 27-headed hydra zombie completely misses you.
The 27-headed hydra zombie bites you!
You die...

### ####φ###
###P°....###
#PP.§.†..PP#
#.^...~.~§^#
#♣..○._P§.♣#
#~..§§Z.♣.P#
##.§.§v○..##
##..♣§§○.#
##..§§§♣#
###♣.§♣ #♣ #. #
♣).♣♣♣#.♣~.. ##
♣..~yP~~~..~ ♣.
#♣..~~.~~.~. ♣.
#♣~.~.~..#
♣#♣♣~
♣#~§~.~#♣#♣.~§~


You could see 2 oklob plants and a 27-headed hydra zombie (strong, corroded).

Vanquished Creatures
  Vashnia (Snake:4)
  A tentacled monstrosity (Swamp:4)
  Frances (Swamp:1)
  Agnes (D:14)
  3 thorn hunters (Swamp:4)
  Kirke (D:15)
  Donald (Swamp:2)
  4 nagarajas
  A fenstrider witch (Swamp:3)
  Aizul (Swamp:3)
  Louise (Swamp:1)
  2 vampire knights (Swamp:4)
  4 eleionomae
  Azrael (D:13)
  2 bunyips
  A fire dragon (D:15)
  2 shambling mangroves (Swamp:4)
  10 hydras
  8 vault guards (D:13)
  Harold (D:10)
  A boulder beetle (Lair:3)
  An ogre mage (D:15)
  14 naga warriors
  2 salamander tyrants (Snake:4)
  3 ghost crabs
  10 anacondas
  2 alligators (Swamp:1)
  4 two-headed ogres (D:15)
  9 centaur warriors
  5 death yaks
  7 orc high priests
  A tengu warrior (D:14)
  15 naga sharpshooters
  11 shock serpents
  4 salamander mystics (Snake:4)
  5 goliath frogs
  4 spriggan druids
  Lodul (D:13)
  A death drake (Swamp:3)
  6 naga ritualists
  5 bog bodies
  7 swamp dragons
  Pikel (D:4)
  A spectral hydra (Swamp:4)
  A wizard (D:15)
  4 orc knights (Orc:2)
  4 orc sorcerers
  A necromancer (D:15)
  7 mana vipers
  7 will-o-the-wisps
  14 ugly things
  2 manticores
  3 cyclopes
  An oklob plant (Swamp:4)
  12 salamanders
  20 elephants
  42 black mambas
  Maurice (D:10)
  2 ice statues
  19 naga magi
  6 guardian serpents
  A gargoyle (D:13)
  A torpor snail (Lair:5)
  4 centaur zombies
  Maggie (D:7)
  A centaur skeleton (D:15)
  13 cane toads
  5 kobold demonologists
  An unseen horror (D:11)
  11 komodo dragons
  A tengu conjurer (D:15)
  3 freezing wraiths
  13 polar bears
  A hydra zombie (Swamp:4)
  3 ice devils (Lair:4)
  7 trolls
  3 death drake zombies (Swamp:4)
  13 hornets
  3 meliai (Lair:5)
  A hornet (shapeshifter) (D:14)
  A queen bee (Lair:5)
  A hydra skeleton (Swamp:4)
  Grinder (D:4)
  4 dream sheep (Lair:5)
  3 slime creatures (D:13)
  3 blink frogs (Lair:3)
  8 tyrant leeches
  4 centaur simulacra
  2 large abominations (Gauntlet)
  5 flying skulls (Gauntlet)
  A wraith (D:9)
  16 spriggans
  Eustachio (D:4)
  5 wyverns
  A fire elemental (D:13)
  63 yaks
  4 hogs (D:15)
  5 basilisks
  3 wargs (Orc:2)
  A naga (shapeshifter) (D:14)
  16 vampire mosquitoes
  13 swamp worms
  49 nagas
  10 water moccasins
  A harpy simulacrum (Lair:4)
  5 hydra simulacra (Swamp:4)
  An acid dragon (D:13)
  4 hell hounds (D:13)
  8 swamp drakes
  33 orc warriors
  2 ice beasts
  A meliai simulacrum (Gauntlet)
  10 black bears
  3 swamp dragon zombies (Swamp:4)
  12 ogres
  5 boggarts (Lair:5)
  5 small abominations (Gauntlet)
  20 wolves
  24 centaurs
  2 lemures (D:4)
  5 kobold brigands
  2 phantoms
  21 bullfrogs
  A two-headed ogre simulacrum (Lair:4)
  A gnoll sergeant (D:13)
  3 scorpions
  2 necrophages
  2 cane toad simulacra (IceCv)
  A hornet simulacrum (Gauntlet)
  7 wights
  An elephant simulacrum (IceCv)
  28 killer bees
  6 howler monkeys
  7 orc priests
  A hound (D:7)
  A gnoll bouda (D:8)
  4 jellies
  Ijyb (D:3)
  9 hell rats (Lair:3)
  An iguana (D:6)
  Natasha (thrice) (D:3)
  10 orc wizards
  A boggart skeleton (D:15)
  13 gnolls
  9 adders
  A naga simulacrum (Lair:4)
  14 river rats (Lair:3)
  A white imp (D:6)
  4 worms
  3 dart slugs
  54 orcs
  8 endoplasms
  3 giant cockroaches
  12 goblins
  7 hobgoblins
  13 jackals
  13 quokkas
  2 ball pythons (D:1)
  7 bats
  A frilled lizard (D:1)
  26 kobolds
  14 rats
  6 briar patches (Swamp:4)
  A butterfly (Lair:4)
1085 creatures vanquished.

Vanquished Creatures (collateral kills)
  An orc warlord (Orc:2)
  An eleionoma (Swamp:4)
  A minotaur (Gauntlet)
  2 bunyips (Swamp:2)
  3 hydras
  An alligator (Swamp:4)
  A spriggan (Swamp:2)
  An ice statue (IceCv)
  A hornet (Swamp:2)
  A swamp worm (Swamp:2)
  An orc warrior (Orc:2)
14 creatures vanquished.

Vanquished Creatures (others)
  A wizard (D:10)
  A naga ritualist (Snake:4)
  A bloated husk (Swamp:2)
  An orc warrior (Orc:2)
  An orc (Orc:1)
  A kobold (D:11)
  53 bushes
  12 foxfires
  46 fungi
  66 plants
183 creatures vanquished.

Grand Total: 1282 creatures vanquished

Notes
Turn   | Place    | Note
-------+----------+-------------------------------------------
     0 | D:1      | Anamonty the Octopode Transmuter began the quest for the
                  | Orb.
     0 | D:1      | Reached XP level 1. HP: 13/13 MP: 3/3
   352 | D:1      | Reached XP level 2. HP: 18/18 MP: 3/5
   427 | D:1      | Learned a level 2 spell: Wereblood
   775 | D:1      | Reached XP level 3. HP: 5/23 MP: 6/6
  1181 | D:2      | Learned a level 3 spell: Spider Form
  1466 | D:2      | Found a glowing silver altar of Zin.
  1789 | D:2      | Found a faded altar of an unknown god.
  1797 | D:2      | Reached XP level 4. HP: 27/29 MP: 7/7
  2413 | D:3      | Reached skill level 3 in Transmutations
  2510 | D:3      | Noticed Ijyb
  2520 | D:3      | Killed Ijyb
  2917 | D:3      | Reached XP level 5. HP: 6/34 MP: 2/8
  3402 | D:3      | Found Myuskepn's Antique Weapon Shop.
  3533 | D:3      | Noticed Natasha
  3542 | D:3      | Killed Natasha
  3569 | D:3      | Noticed Natasha
  3580 | D:3      | Killed Natasha
  3699 | D:3      | Noticed Natasha
  3711 | D:3      | Killed Natasha
  3712 | D:3      | Reached XP level 6. HP: 31/41 MP: 10/10
  3971 | D:4      | Noticed Grinder
  3974 | D:4      | Paralysed by Grinder for 4 turns
  4180 | D:4      | Paralysed by Grinder for 4 turns
  4185 | D:4      | Killed Grinder
  4186 | D:4      | Reached skill level 4 in Transmutations
  4249 | D:4      | Reached XP level 7. HP: 45/45 MP: 11/11
  4347 | D:4      | Noticed Pikel
  4379 | D:4      | Killed Pikel
  4380 | D:4      | Reached skill level 5 in Transmutations
  4380 | D:4      | Reached XP level 8. HP: 28/53 MP: 9/13
  5161 | D:4      | Noticed Eustachio
  5172 | D:4      | Killed Eustachio
  5173 | D:4      | Reached skill level 5 in Unarmed Combat
  5173 | D:4      | Reached skill level 6 in Transmutations
  5251 | D:4      | Learned a level 4 spell: Ice Form
  5270 | D:5      | Entered Level 5 of the Dungeon
  5341 | D:5      | Found a transporter.
  5344 | D:5      | Found a basalt altar of Yredelemnul.
  5347 | D:5      | Noticed Menkaure
  5349 | D:5      | Found an ancient bone altar of Kikubaaqudgha.
  6015 | D:5      | Found Dulasy's Distillery.
  6018 | D:5      | Bought a potion of heal wounds for 55 gold pieces
  6018 | D:5      | Bought a potion of heal wounds for 55 gold pieces
  6018 | D:5      | Bought a potion of curing for 33 gold pieces
  6018 | D:5      | Bought a potion of curing for 33 gold pieces
  6018 | D:5      | Bought a potion of curing for 33 gold pieces
  6158 | D:5      | Noticed a wraith
  6163 | D:5      | Found a transporter.
  6168 | D:5      | Noticed a wraith
  7159 | D:6      | Reached XP level 9. HP: 48/59 MP: 15/15
  7404 | D:6      | Found a staircase to the Ecumenical Temple.
  7440 | D:6      | Reached skill level 7 in Transmutations
  7451 | Temple   | Entered the Ecumenical Temple
  7869 | Temple   | Became a worshipper of Qazlal Stormbringer
  8508 | D:7      | Reached skill level 5 in Dodging
  8563 | D:7      | Reached skill level 5 in Fighting
  8584 | D:7      | Noticed Maggie
  8595 | D:7      | Killed Maggie
  8596 | D:7      | Reached skill level 5 in Spellcasting
  8779 | D:7      | Found a sparkling altar of Nemelex Xobeh.
  8840 | D:7      | Reached skill level 8 in Transmutations
  9124 | D:7      | Reached * piety under Qazlal
  9726 | D:8      | Reached XP level 10. HP: 67/67 MP: 18/18
  9795 | D:8      | Reached skill level 1 in Invocations
  9974 | D:8      | Found Foavvan's General Store.
 10000 | D:8      | Found a flagged portal.
 10008 | Bailey   | Entered a bailey
 10100 | Bailey   | Reached ** piety under Qazlal
 10276 | Bailey   | Reached skill level 10 in Transmutations
 10276 | Bailey   | Reached XP level 11. HP: 75/75 MP: 15/21
 11649 | D:9      | Found a hide-covered altar of Uskayaw.
 11702 | D:9      | Identified the ring of Yreidgheehe {*Corrode Str+6 Int+3}
 11710 | D:9      | Found an ornate altar of the Wu Jian Council.
 11712 | D:9      | Paralysed by a hornet for 2 turns
 12135 | D:10     | Entered Level 10 of the Dungeon
 12136 | D:10     | Identified a scroll of acquirement
 12141 | D:9      | Acquired 891 gold pieces
 12219 | D:10     | Noticed a wizard
 12231 | D:10     | Killed a wizard
 12232 | D:10     | Reached skill level 5 in Invocations
 12428 | D:10     | Got the Reference Book on Combat Magic and the Squall
 12487 | D:10     | Noticed Harold
 12504 | D:10     | Killed Harold
 12551 | D:10     | Reached skill level 11 in Transmutations
 12715 | D:10     | Found a staircase to the Orcish Mines.
 12725 | D:10     | Noticed Maurice
 12731 | D:10     | Killed Maurice
 12740 | D:10     | Reached XP level 12. HP: 51/82 MP: 10/22
 13101 | D:10     | Found a staircase to the Lair.
 13331 | D:10     | Found a bloodstained altar of Trog.
 13339 | D:10     | Found a snail-covered altar of Cheibriados.
 13343 | D:10     | Found a glowing golden altar of the Shining One.
 13660 | D:11     | Reached skill level 1 in Air Magic
 14280 | D:11     | Learned a level 3 spell: Swiftness
 14341 | D:12     | Found a gate leading to a gauntlet.
 14348 | Gauntlet | Entered a Gauntlet
 14348 | Gauntlet | Found a transporter.
 14348 | Gauntlet | Found a transporter.
 14352 | Gauntlet | Found a transporter.
 14366 | Gauntlet | Found a transporter.
 14374 | Gauntlet | Noticed a catoblepas
 14376 | Gauntlet | Found a transporter.
 14382 | Gauntlet | Found a large runed translucent door.
 14383 | Gauntlet | Found a large runed translucent door.
 14383 | Gauntlet | Noticed a cacodemon
 14386 | Gauntlet | Found a transporter.
 14386 | Gauntlet | Found a transporter.
 14390 | Gauntlet | Found a transporter.
 14394 | Gauntlet | Found a runed translucent gate.
 14394 | Gauntlet | Found a runed translucent gate.
 14394 | Gauntlet | Found a runed translucent gate.
 14396 | Gauntlet | Found a large runed translucent door.
 14397 | Gauntlet | Found a large runed translucent door.
 14406 | Gauntlet | Found a transporter.
 14585 | Gauntlet | Found a transporter.
 14614 | Gauntlet | Reached *** piety under Qazlal
 14634 | Gauntlet | Found a transporter.
 14692 | Gauntlet | Identified the ring "Ceamoddu" {rN+ Int+6 Dex+4 Stlth-}
 14919 | Gauntlet | Noticed a minotaur
 14933 | Gauntlet | Killed a minotaur
 15513 | D:12     | Noticed a six-headed hydra
 15519 | D:12     | Killed a six-headed hydra
 16082 | Lair:1   | Entered Level 1 of the Lair of Beasts
 16115 | Lair:1   | Reached XP level 13. HP: 89/89 MP: 25/25
 16123 | Lair:1   | Reached **** piety under Qazlal
 17274 | Lair:2   | Found a staircase to the Snake Pit.
 17293 | Lair:2   | Reached skill level 12 in Transmutations
 17628 | Lair:2   | Found a staircase to the Swamp.
 17634 | Lair:2   | Reached ***** piety under Qazlal
 18825 | Lair:3   | Reached skill level 5 in Air Magic
 19333 | Lair:4   | Reached skill level 10 in Unarmed Combat
 19333 | Lair:4   | Reached XP level 14. HP: 97/97 MP: 26/26
 19407 | Lair:4   | Found a runed translucent door.
 19411 | Lair:4   | Noticed Kyusiynim's ghost (journeyman GnEn)
 19784 | Lair:4   | Reached ****** piety under Qazlal
 19807 | Lair:4   | Reached skill level 10 in Dodging
 19833 | Lair:4   | Reached skill level 10 in Fighting
 20668 | Lair:5   | Entered Level 5 of the Lair of Beasts
 20715 | Lair:5   | Reached skill level 1 in Evocations
 20899 | Lair:5   | Found a frozen archway.
 20960 | IceCv    | Entered an ice cave
 20985 | IceCv    | Found a transporter.
 20996 | IceCv    | Found a transporter.
 21036 | IceCv    | Identified the +10 short sword "Jukejeu" {vorpal, rF++}
 21204 | Lair:5   | Reached XP level 15. HP: 96/105 MP: 18/28
 21547 | Lair:5   | Reached skill level 13 in Transmutations
 22045 | Lair:5   | Found a viscous altar of Jiyva.
 22045 | Lair:5   | Found a staircase to the Slime Pits.
 22359 | D:11     | Learned a level 7 spell: Storm Form
 22463 | D:12     | Acquired the ring "Kolo Hied" {rC+ Str+6 Int+2}
 22591 | D:12     | Found a basalt altar of Yredelemnul.
 22715 | D:13     | Noticed Azrael
 22723 | D:13     | Killed Azrael
 22761 | D:13     | Reached skill level 10 in Spellcasting
 22909 | D:13     | Noticed Matofues's ghost (journeyman VSTm)
 22957 | D:13     | Found a runed translucent gate.
 22957 | D:13     | Found a runed translucent gate.
 22962 | D:13     | Found a runed translucent gate.
 23023 | D:13     | Noticed Lodul
 23030 | D:13     | Killed Lodul
 23034 | D:13     | Reached skill level 10 in Invocations
 23172 | D:13     | Found a gate to the Vaults.
 23281 | D:13     | Found a portal to a secret trove of treasure.
 24335 | D:14     | Reached skill level 5 in Evocations
 24377 | D:14     | Identified the +1 leather armour of Gozag's Hope {rPois
                  | Int+2}
 24444 | D:14     | Noticed Agnes
 24449 | D:14     | Killed Agnes
 24450 | D:14     | Reached XP level 16. HP: 112/112 MP: 30/30
 24725 | D:15     | Entered Level 15 of the Dungeon
 24944 | D:15     | Noticed Kirke
 24948 | D:15     | Killed Kirke
 25093 | D:15     | Found a staircase to the Depths.
 25221 | D:15     | Identified the +0 ring mail "Goinuach" {Str+6 Int+2 Stlth+}
 25653 | Orc:1    | Entered Level 1 of the Orcish Mines
 25767 | Orc:1    | You fall into a shaft and drop 1 floor!
 25767 | Orc:2    | Entered Level 2 of the Orcish Mines
 25774 | Orc:2    | Found a transporter.
 25783 | Orc:2    | Reached skill level 14 in Transmutations
 25799 | Orc:2    | Found Deczigg's Antique Armour Shoppe.
 25831 | Orc:2    | Found a staircase to the Elven Halls.
 25836 | Orc:2    | Found Iseusisk's Antique Weapon Boutique.
 25869 | Orc:2    | Found Kautweo's General Store.
 26022 | Orc:2    | Noticed jurb's ghost (journeyman DEEE)
 26093 | Orc:2    | Found Xacsat's Book Shop.
 26143 | Orc:2    | Found a transporter.
 26559 | Orc:2    | Found Able's General Store.
 26569 | Orc:2    | Bought a scroll of enchant weapon for 120 gold pieces
 26602 | Orc:2    | Bought a potion of heal wounds for 75 gold pieces
 26812 | Snake:1  | Entered Level 1 of the Snake Pit
 26853 | Snake:1  | Found a burning altar of Makhleb.
 27203 | Snake:1  | Reached skill level 1 in Translocations
 28076 | Snake:2  | Noticed a nagaraja
 28081 | Snake:2  | Killed a nagaraja
 28082 | Snake:2  | Reached XP level 17. HP: 119/119 MP: 31/31
 28965 | Snake:3  | Reached skill level 15 in Transmutations
 29744 | Snake:4  | Entered Level 4 of the Snake Pit
 29802 | Snake:4  | Found a runed translucent gate.
 29802 | Snake:4  | Found a runed translucent gate.
 29802 | Snake:4  | Found a runed translucent gate.
 29804 | Snake:4  | Noticed alby's ghost (adept GnWn)
 29813 | Snake:4  | Identified the +1 shortbow of Eternal Vigilance {flame,
                  | rPois Str+4 Int-5}
 30103 | Snake:4  | Noticed Vashnia
 30209 | Snake:4  | Reached XP level 18. HP: 65/126 MP: 33/33
 30311 | Snake:4  | Killed Vashnia
 30500 | Snake:4  | Got a serpentine rune of Zot
 31213 | Swamp:1  | Entered Level 1 of the Swamp
 31295 | Swamp:1  | Identified the +7 trident "Ugitigef" {vorpal, rF++}
 31317 | Swamp:1  | Noticed Louise
 31329 | Swamp:1  | Killed Louise
 31451 | Swamp:1  | Identified the +4 whip "Raisin" {spect, rPois rC- Int+3
                  | Dex+2}
 31464 | Swamp:1  | Noticed Frances
 31472 | Swamp:1  | Killed Frances
 31886 | Swamp:1  | Learned a level 5 spell: Yara's Violent Unravelling
 31898 | Swamp:2  | Noticed Donald
 31911 | Swamp:2  | Killed Donald
 32518 | Swamp:3  | Noticed Aizul
 32531 | Swamp:3  | Killed Aizul
 32962 | Swamp:4  | Entered Level 4 of the Swamp
 32968 | Swamp:4  | Noticed a tentacled monstrosity
 32975 | Swamp:4  | Killed a tentacled monstrosity
 32986 | Swamp:4  | Reached skill level 16 in Transmutations
 33004 | Swamp:4  | Reached skill level 10 in Air Magic
 33011 | Swamp:4  | Reached skill level 5 in Translocations
 33258 | Swamp:4  | Reached XP level 19. HP: 84/134 MP: 34/34
 33385 | Swamp:4  | Found a blossoming altar of Fedhas.
 33400 | Swamp:4  | Slain by a 27-headed hydra zombie

Illustrated notes

Levels and vault maps discovered:
D:1:      psy_arrival_dodecagon, layout_rooms, hangedman_decor_points
D:2:      layout_rooms, basic_ecumenical_altar, basic_altar,
          nicolae_figureground_pulse
D:3:      layout_basic, serial_shops, shop, uniq_ijyb, uniq_natasha
D:4:      layout_basic, chequers_garden, uniq_pikel, uniq_eustachio,
          uniq_grinder
D:5:      layout_basic, gammafunk_temple_of_torment, serial_shops,
          kennysheep_mini_moat, lemuel_flamethrower_2
D:6:      corexii_shack_village, layout_loops_corners, minmay_temple_entry_tees,
          kennysheep_generic_room_12
D:7:      layout_loops_ring, nemelex_diamond_rough_becter, the_hattery,
          uniq_maggie
D:8:      layout_basic, serial_shops, nicolae_stop_n_shop_2, enter_bailey_2
D:9:      layout_roguey, mainiacjoe_overflow_small_starburst,
          nicolae_wu_jian_immortal_techniques, st_stairs_2
D:10:     cheibrodos_wizards_tower, layout_small_grid,
          minmay_overflow_temple_star_quad, grunt_lair_entry_orc_guard_hut,
          orc_0_dummy, uniq_maurice, uniq_harold
D:11:     layout_roguey
D:12:     layout_basic, gauntlet_entry_generic, small_chamber_with_monster,
          lemuel_zombie_altar_yredelemnul
D:13:     layout_basic, erik_vaults_2, nicolae_trove_entry_isolated,
          gammafunk_ghost_split, minmay_hedge_maze, uniq_azrael, uniq_lodul
D:14:     layout_grid_maze, roderic_serpentine_path, grunt_ministairs_14,
          uniq_agnes
D:15:     grunt_enter_depths_magical_seal, layout_grid_maze, uniq_kirke
Temple:   minmay_temple_curvy_branch
Lair:1:   layout_chaotic_city
Lair:2:   beast_lair_carwin_large_3, layout_hall_layers,
          skrybe_swamp_entry_bodies, minmay_snake_entry_spellcaster
Lair:3:   lemuel_ratsnest, layout_regular_city, minivault_25, minivault_25,
          grunt_megastairs_3, lemuel_fruit_tree
Lair:4:   dreamdust_isle_of_ice, layout_regular_city, ebering_ghost_inner_flame,
          beast_lair_carwin_2, infiniplex_staircase_pool_2, lemuel_fruit_fields
Lair:5:   minmay_lair_end_enchanted_forest, layout_concentric_octagons,
          nicolae_slime_entry_slimehenge, special_room [special_room_bee],
          portal_ice_cave_entry_pillars_1, minmay_stone_trees_small,
          small_statue_intersection
Swamp:1:  layout_basic_swamp, nicolae_swamp_tree_designs, uniq_louise,
          uniq_frances
Swamp:2:  layout_falls_marsh, evilmike_swamp_ruin_house_5, uniq_donald
Swamp:3:  layout_basic_swamp, evilmike_swamp_ruin_house_4, uniq_aizul
Swamp:4:  byrel_swamp_growth_death_and_undeath, layout_basic_swamp, swamp_pool1,
          ldierk_geyser
Snake:1:  layout_layer_cave, basic_altar, grunt_megastairs_1
Snake:2:  layout_misc_corridors
Snake:3:  layout_chambers
Snake:4:  johnstein_snake_rune_scales, layout_concentric_octagons,
          gammafunk_ghost_split
Orc:1:    layout_caves
Orc:2:    grunt_orc_gardens, layout_caves, grunt_orc_garden, grunt_orc_garden,
          grunt_orc_garden, grunt_orc_garden, serial_shops, shop,
          gammafunk_ghost_arena

Skill      XL: |  1  2  3  4  5  6  7  8  9 10 11 12 13 14 15 16 17 18 |
---------------+-------------------------------------------------------+-----
Transmutations | 3 4 5 6 8 10 11 12 13 14 15 16 | 16.2
Fighting       | 2 3 4 5 7 8 9 10 11 12 13 | 13.4
Dodging        | 3 4 5 7 8 9 10 11 12 | 12.8
Unarmed Combat | 4 5 6 7 8 9 10 11 12 13 | 13.1
Spellcasting   | 3 4 5 6 7 8 9 10 11 | 11.9
Invocations    | 4 5 6 8 9 10 11 12 | 12.4
Air Magic      | 3 5 6 7 8 9 10 | 10.2
Evocations     | 2 5 6 7 8 |  8.8
Translocations | 1 3 5 |  5.3

Action                   |  1- 3 |  4- 6 |  7- 9 | 10-12 | 13-15 | 16-18 | 19-21 || total
-------------------------+-------+-------+-------+-------+-------+-------+-------++-------
Melee: Unarmed           |    92 |    88 |   101 |   366 |   773 |   623 |    36 ||  2079
       Constrict         |    26 |    12 |    23 |     2 |       |       |       ||    63
       Kick              |    16 |    12 |     2 |       |       |       |       ||    30
       Tentacles         |    12 |    15 |    34 |     6 |       |       |       ||    67
       Punch             |     1 |       |     5 |       |    10 |    52 |     3 ||    71
       Spear             |       |       |   160 |    19 |       |       |       ||   179
 Fire: Shortbow          |       |       |       |    66 |   112 |    75 |       ||   253
Throw: Javelin           |       |       |       |     2 |       |       |       ||     2
 Cast: Beastly Appendage |    19 |     9 |     1 |       |       |       |       ||    29
       Wereblood         |     2 |     2 |     5 |    21 |    27 |     9 |     1 ||    67
       Spider Form       |       |     3 |     8 |     2 |       |     1 |       ||    14
       Ice Form          |       |       |     6 |    34 |    44 |    10 |       ||    94
       Swiftness         |       |       |       |       |     1 |     4 |       ||     5
       Storm Form        |       |       |       |       |     7 |    39 |     1 ||    47
       Yara's Violent Un |       |       |       |       |       |     3 |       ||     3
Invok: Upheaval          |       |       |       |     6 |       |       |       ||     6
       Disaster Area     |       |       |       |       |     4 |     4 |       ||     8
       Elemental Force   |       |       |       |       |     1 |     6 |     1 ||     8
 Abil: Blinkbolt         |       |       |       |       |     4 |    66 |     2 ||    72
Evoke: Wand              |       |     1 |     3 |     2 |     2 |       |       ||     8
       Condenser vane    |       |       |       |       |       |       |     1 ||     1
  Use: Potion            |       |     3 |     1 |     4 |     1 |     2 |       ||    11
       Scroll            |       |       |    14 |    11 |     4 |    10 |       ||    39
 Stab: Sleeping          |     4 |     1 |    13 |       |       |       |       ||    18
       Distracted        |       |       |     1 |       |       |     1 |       ||     2
       Paralysed         |       |       |       |       |       |     4 |     2 ||     6
Armor: Skin              |     9 |     8 |    12 |    61 |   143 |    64 |    17 ||   314
Dodge: Dodged            |    56 |    50 |   189 |   357 |   604 |   587 |    67 ||  1910
       Repelled          |       |       |       |       |     1 |    31 |     6 ||    38
Block: Other             |       |       |     1 |    55 |   270 |   217 |    16 ||   559
